 Dungeon Crawl Stone Soup version 0.30.0-5-g1a98f26d00 (webtiles) character file.

Game seed: 10132167113366409483

7 KamiKatze the Conjurer (level 1, 0/10 HPs)
             Began as a Deep Elf Conjurer on May 12, 2023.
             Slain by a jackal (3 damage)
             ... on level 1 of the Dungeon.
             The game lasted 00:01:38 (190 turns).

KamiKatze the Conjurer (Deep Elf Conjurer)           Turns: 190, Time: 00:01:39

Health: 0/10       AC:  2    Str:  4    XL:     1   Next: 83%
Magic:  0/6        EV: 12    Int: 22    God:
Gold:   26         SH:  0    Dex: 13    Spells: 5/6 levels left

rFire   . . .        f - +0 dagger
rCold   . . .        (no shield)
rNeg    . . .        a - +0 robe
rPois   .            (no helmet)
rElec   .            (no cloak)
rCorr   .            (no gloves)
SInv    .            (no boots)
Will    .....        (no amulet)
Stlth   ++           (no ring)
HPRegen 0.21/turn    (no ring)
MPRegen 0.10/turn

%: no passive effects
@: no status effects
A: no striking features
a: no special abilities


You were on level 1 of the Dungeon.
You visited 1 branch of the dungeon, and saw 1 of its levels.

You collected 26 gold pieces.

Inventory:

Hand Weapons
 f - a +0 dagger (weapon)
Armour
 a - a +0 robe (worn)
Scrolls
 d - a scroll of enchant weapon {unknown}
 e - 2 scrolls of enchant armour {unknown}
 h - a scroll of immolation {unknown}
 i - 3 scrolls of identify {unknown}
Potions
 b - a potion of magic
 c - a potion of mutation {unknown}
 g - a potion of haste {unknown}


   Skills:
 + Level 0.0 Throwing
 + Level 2.4 Dodging
 + Level 2.6 Stealth
 * Level 3.1 Spellcasting
 * Level 4.4 Conjurations
 * Level 0.6 Hexes
 * Level 0.5 Translocations
 + Level 0.0 Evocations


You had 5 spell levels left.
You knew the following spells:

 Your Spells              Type           Power      Damage    Failure   Level
a - Magic Dart            Conj           92%        1d7       1%          1

Your spell library contained the following spells:

 Spells                   Type           Power      Damage    Failure   Level
 Searing Ray              Conj           46%        2d6       3%          2
 Momentum Strike          Conj/Tloc      28%        3d8       7%          2
 Dazzling Flash           Conj/Hex       28%        N/A       13%         3
 Blink                    Tloc           10%        N/A       16%         2
 Lesser Beckoning         Tloc           10%        N/A       16%         2
 Fulminant Prism          Conj/Hex       7%         3d7       38%         4
 Iskenderun's Mystic Bla  Conj/Tloc      14%        2d5       41%         4


Dungeon Overview and Level Annotations

Branches:
Dungeon (1/15)

Altars:

Shops:
D:1 *


Message History

The magic dart hits the jackal but does no damage.
The jackal is severely wounded.
The jackal bites you but does no damage.
The jackal misses you.
Casting: Magic Dart (safe; 1% risk of failure)
Confirm with . or Enter, or press ? or * to list all spells.
Aiming: Magic Dart (safe; 1% risk of failure)
Press: ? - help, Shift-Dir - straight line, f/p - jackal
Aim: a jackal (severely wounded, 100% to hit)
The magic dart hits the jackal but does no damage.
The jackal is severely wounded.
The jackal bites you.
Unknown command.
The jackal attacks as you move away! The jackal bites you.
The jackal bites you but does no damage.
The jackal attacks as you move away! The jackal misses you.
The jackal attacks as you move away! The jackal misses you.
The jackal attacks as you move away! The jackal bites you.
The jackal bites you but does no damage.
The jackal attacks as you move away! The jackal bites you.
* * * LOW HITPOINT WARNING * * *
The jackal closely misses you.
Casting: Magic Dart (safe; 1% risk of failure)
Confirm with . or Enter, or press ? or * to list all spells.
Aiming: Magic Dart (safe; 1% risk of failure)
Press: ? - help, Shift-Dir - straight line, f/p - jackal
Aim: a jackal (severely wounded, 100% to hit)
The magic dart hits the jackal but does no damage.
The jackal is severely wounded.
The jackal bites you.
* * * LOW HITPOINT WARNING * * *
Casting: Magic Dart (safe; 1% risk of failure)
Confirm with . or Enter, or press ? or * to list all spells.
Aiming: Magic Dart (safe; 1% risk of failure)
Press: ? - help, Shift-Dir - straight line, f/p - jackal
Aim: a jackal (severely wounded, 100% to hit)
The magic dart hits the jackal.
You kill the jackal!
The jackal bites you.
You die...

#.###...####..#..#......#
##.#..........#..##..>##...
##......######......#.....##
#.....#.# #####..........
#.#.....# #.####.#[##
#..##....# ...# .#... .h.#
#.#..# #### .# ..
..#####....#######.# .. .
..>.......#...h@....# #
..#####...########### #.....
#.####. ... ## .♣#. . ..


You could see a jackal.

Vanquished Creatures
  A goblin (D:1)
  A hobgoblin (D:1)
  3 jackals (D:1)
  A bat (D:1)
  A rat (D:1)
7 creatures vanquished.

Notes
Turn   | Place    | Note
-------+----------+-------------------------------------------
     0 | D:1      | KamiKatze the Deep Elf Conjurer began the quest for the
                  | Orb.
     0 | D:1      | Reached XP level 1. HP: 10/10 MP: 6/6
   123 | D:1      | Found Neplaxeb's Assorted Antiques.
   190 | D:1      | Slain by a jackal

Illustrated notes

Levels and vault maps discovered:
D:1:      minmay_arrival_stair_chambers, layout_rooms, serial_shops,
          nicolae_shop_window_shopping, nicolae_shop_real_fake_doors,
          nicolae_square_shop, nicolae_shop_gaudy_bauble, serial_forest,
          infiniplex_forest_clump_cross, infiniplex_forest_corner_1,
          infiniplex_forest_clump_medium, infiniplex_forest_lined_4_way

Action                     || total
---------------------------++-------
   Cast: Magic Dart        ||    16
 Armour: Robe              ||     4
  Dodge: Dodged            ||     4
